 Dungeon Crawl Stone Soup version 0.28.0 (webtiles) character file.

Game seed: 6818652577589749378

51 pkoi the Shooter (level 3, 0/30 HPs)
             Began as a Minotaur Hunter on Feb 7, 2022.
             Succumbed to an adder's poison
             ... on level 2 of the Dungeon.
             The game lasted 00:02:48 (1595 turns).

pkoi the Shooter (Minotaur Hunter)                  Turns: 1595, Time: 00:02:48

Health: 0/30       AC:  4    Str: 18    XL:     3   Next: 57%
Magic:  2/2        EV: 11    Int:  8    God:
Gold:   61         SH:  0    Dex: 10    Spells: 2/2 levels left

rFire   . . .      SeeInvis .   a - +1 shortbow
rCold   . . .      Faith    .   (shield currently unavailable)
rNeg    . . .      Spirit   .   c - +0 leather armour
rPois   .          Reflect  .   (helmet restricted)
rElec   .          Harm     .   (no cloak)
rCorr   .          Rampage  .   (no gloves)
Will    .....                   l - +0 pair of boots
Stlth   +.........              (no amulet)
HPRegen 0.10/turn               m - ring of flight
MPRegen 0.08/turn               (no ring)

@: lethally poisoned (0 -> -8), flying
A: horns 2, retaliatory headbutt
a: no special abilities


You were on level 2 of the Dungeon.
You visited 1 branch of the dungeon, and saw 3 of its levels.

You collected 61 gold pieces.

Inventory:

Hand Weapons
 a - a +1 shortbow (weapon)
 b - a +0 short sword
Missiles
 d - 17 arrows (quivered ammo)
Armour
 c - a +0 leather armour (worn)
 l - a +0 pair of boots (worn)
Jewellery
 e - a ring of positive energy
 m - a ring of flight (left hand)
Scrolls
 g - a scroll of immolation {unknown}
 h - a scroll of amnesia {unknown}
 i - a scroll of fear {unknown}


   Skills:
 - Level 2.4 Fighting
 * Level 5.7 Bows
 + Level 2.3 Dodging
 + Level 1.0 Stealth


You had 2 spell levels left.
You didn't know any spells.
Your spell library contained the following spells:

 Spells                   Type           Power      Damage    Failure   Level
 Conjure Ball Lightning   Conj/Air       0%         3x3d6     100%        6
 Discord                  Hex            0%         N/A       100%        8
 Disjunction              Tloc           0%         N/A       100%        8


Dungeon Overview and Level Annotations

Branches:
Dungeon (3/15)

Altars:

Shops:
D:2 !


Innate Abilities, Weirdness & Mutations

You have a pair of horns on your head.
You reflexively headbutt those who attack you in melee.


Message History

The adder closely misses you. The adder completely misses you.
Unknown command.
It was a potion of resistance.
You feel protected.
* * * LOW HITPOINT WARNING * * *
You feel very sick. The adder bites you.
* * * LOW HITPOINT WARNING * * *
It was a potion of cancellation.
Your magical effects are unravelling.
You feel magically purged.
Your resistance to elements expires.
* * * LOW HITPOINT WARNING * * *
You feel sick. The adder completely misses you.
a - a +1 shortbow (weapon)
* * * LOW HITPOINT WARNING * * *
You feel sick. The adder misses you.
Fire: 20 arrows
Press: ? - help, Q - select action Shift-Dir - straight line, f - adder
Aim: an adder (heavily wounded, 42% to hit)
You shoot an arrow. The arrow barely misses the adder.
The arrow hits the rat!
You kill the rat!
* * * LOW HITPOINT WARNING * * *
You feel sick. The adder barely misses you.
Fire: 19 arrows
Press: ? - help, Q - select action Shift-Dir - straight line, f/p - adder
Aim: an adder (heavily wounded, 42% to hit)
You shoot an arrow. The arrow hits the adder.
The adder is almost dead.
* * * LOW HITPOINT WARNING * * *
You feel sick. The adder bites you.
* * * LOW HITPOINT WARNING * * *
You are more poisoned.
The adder poisons you!
Fire: 18 arrows
Press: ? - help, Q - select action Shift-Dir - straight line, f/p - adder
Aim: an adder (almost dead, 42% to hit)
You shoot an arrow. The arrow hits the adder.
You kill the adder!
You die...

#######.....#
##.##### #.##?.?
#.#.r.JS
#.#.rSl)### ..
#.#gSS..'.####...
#.## ##........
##.#####........#
##@(grl..#######
#########


You could see a quokka, a hobgoblin and a frilled lizard.

Vanquished Creatures
  2 adders (D:2)
  A worm (D:2)
  6 endoplasms
  2 giant cockroaches (D:1)
  2 goblins
  5 hobgoblins
  3 ball pythons
  2 bats
  6 kobolds
  8 rats
37 creatures vanquished.

Notes
Turn   | Place    | Note
-------+----------+-------------------------------------------
     0 | D:1      | pkoi the Minotaur Hunter began the quest for the Orb.
     0 | D:1      | Reached XP level 1. HP: 18/18 MP: 0/0
   101 | D:1      | Found a faded altar of an unknown god.
   358 | D:1      | Reached XP level 2. HP: 17/25 MP: 1/1
   364 | D:1      | Reached skill level 5 in Bows
  1229 | D:3      | Reached XP level 3. HP: 30/30 MP: 2/2
  1315 | D:2      | Found Upaux's Distillery.
  1498 | D:2      | Reached skill level 1 in Stealth
  1595 | D:2      | Succumbed to an adder's poison

Illustrated notes

Levels and vault maps discovered:
D:1:      amcnicky_arrival_abandoned_market, layout_loops_ring,
          hellmonk_ecumenical_altar_arch_garden, minmay_3d_cube
D:2:      layout_rooms, serial_shops, shop, minmay_joined_circles
D:3:      layout_rooms, minmay_fountain_box

Skill      XL: |  1  2  3 |
---------------+----------+-----
Bows           | 5 |  5.7
Stealth        | 1 |  1.0
Fighting       | |  2.4
Dodging        | |  2.3

Action                   || total
-------------------------++-------
Melee: Short sword       ||    81
       Headbutt          ||    14
 Fire: Shortbow          ||     5
  Use: Potion            ||     2
       Scroll            ||     1
 Stab: Sleeping          ||     1
Armor: Leather armour    ||    13
Dodge: Dodged            ||    34
